 Dungeon Crawl Stone Soup version 0.25-a0-68-ge58f8a54b6 (webtiles) character file.

Game seed: 8455687127170527106, levelgen mode: deterministic

100 keltmir the Charmwright (level 4, -1/38 HPs)
             Began as a Gnoll Skald on Nov 2, 2019.
             Slain by an orc wizard
             ... wielding a +0 dagger
              (5 damage)
             ... on level 3 of the Dungeon.
             The game lasted 00:04:14 (1581 turns).

keltmir the Charmwright (Gnoll Skald)               Turns: 1581, Time: 00:04:14

Health: -1/38      AC:  3    Str: 15    XL:     4   Next: 74%
Magic:  10/11      EV: 13    Int: 15    God:
Gold:   107        SH:  0    Dex: 14    Spells: 9/13 levels left

rFire    . . .     SeeInvis .   a - +0 spear
rCold    . . .     Gourm    .   (no shield)
rNeg     . . .     Faith    .   b - +0 leather armour
rPois    .         Spirit   .   (no helmet)
rElec    .         Reflect  .   (no cloak)
rCorr    .         Harm     .   (no gloves)
MR       .....                  (no boots)
Stlth    +.........             (no amulet)
HPRegen  0.12/turn              (no ring)
MPRegen  0.12/turn              (no ring)

@: drained
A: distributed training, fangs 1, strong nose
a: no special abilities


You were on level 3 of the Dungeon.
You were hungry.

You visited 1 branch of the dungeon, and saw 3 of its levels.

You collected 107 gold pieces.

Inventory:

Hand Weapons
 a - a +0 spear (weapon)
 i - a +0 vampiric short sword
 j - a +4 mace of draining
Missiles
 c - 13 poisoned darts (quivered)
Armour
 b - a +0 leather armour (worn)
Scrolls
 f - 4 scrolls of identify {unknown}
 g - a scroll of blinking {unknown}
 k - a scroll of immolation {unknown}
Potions
 e - a potion of lignification {unknown}
 h - a potion of might {unknown}
 l - a potion of curing {unknown}
Comestibles
 d - 3 rations


   Skills:
 + Level 4.6(4.0) Fighting
 + Level 1.2(0.6) Short Blades
 + Level 1.2(0.6) Long Blades
 + Level 1.2(0.6) Axes
 + Level 1.2(0.6) Maces & Flails
 + Level 4.6(4.0) Polearms
 + Level 1.2(0.6) Staves
 + Level 1.2(0.6) Slings
 + Level 1.2(0.6) Bows
 + Level 1.2(0.6) Crossbows
 + Level 1.2(0.6) Throwing
 + Level 2.8(2.2) Armour
 + Level 4.6(4.0) Dodging
 + Level 1.2(0.6) Stealth
 + Level 1.2(0.6) Shields
 + Level 1.2(0.6) Unarmed Combat
 + Level 5.1(4.4) Spellcasting
 + Level 1.0(0.4) Conjurations
 + Level 1.0(0.4) Hexes
 + Level 5.5(4.8) Charms
 + Level 1.0(0.4) Summonings
 + Level 1.0(0.4) Necromancy
 + Level 1.0(0.4) Translocations
 + Level 1.0(0.4) Transmutations
 + Level 1.0(0.4) Fire Magic
 + Level 1.0(0.4) Ice Magic
 + Level 1.0(0.4) Air Magic
 + Level 1.0(0.4) Earth Magic
 + Level 1.0(0.4) Poison Magic
 + Level 1.3(0.7) Invocations
 + Level 1.2(0.6) Evocations


You had 9 spell levels left.
You knew the following spells:

 Your Spells              Type           Power        Failure   Level  Hunger
a - Infusion              Chrm           ###.         3%          1    None
b - Spectral Weapon       Hex/Chrm       ##......     22%         3    ###....

Your spell library contained the following spells:

 Spells                   Type           Power        Failure   Level  Hunger
 Song of Slaying          Chrm           ###.....     4%          2    ##.....
 Shroud of Golubria       Chrm/Tloc      ##....       11%         2    ##.....
 Regeneration             Chrm/Necr      ##........   22%         3    ###....


Dungeon Overview and Level Annotations

Branches:
Dungeon (3/15)

Altars:


Innate Abilities, Weirdness & Mutations

Your experience applies equally to all skills.
You have very sharp teeth.
Your uncanny sense of smell can sniff out nearby items.


Message History

You hear some strange, mumbled words.
A magic dart appears from out of thin air!
The magic dart hits you!
You miss something. Your bite misses something. Something hits you.
You barely miss something. Your bite misses something. Something hits you.
You hit something but do no damage.
You hear some strange, mumbled words.
You hit something. Something hits you.
You miss something. You bite something. Something hits you.
You hear some strange, mumbled words.
A puff of frost appears from out of thin air!
The puff of frost hits you.
* * * LOW HITPOINT WARNING * * *
You closely miss something. Your bite misses something.
Something hits you but does no damage.
You barely miss something. Something completely misses you.
You hit something. Something hits you.
* * * LOW HITPOINT WARNING * * *
You barely miss something. Something hits you.
You die...

## #. #
#.#####.#
#.#...#.#
#.......#
#.......#
#..()...###
#..@{......
######.....
∆... . ∆


You could see a friendly spectral +0 spear.

Vanquished Creatures
  Terence (D:2)
  2 worms (D:2)
  3 leopard geckos (D:1)
  3 orcs (D:3)
  2 ball pythons
  2 giant cockroaches
  11 goblins
  4 hobgoblins
  6 jackals (D:1)
  7 kobolds
  7 bats
  2 frilled lizards
  5 rats
55 creatures vanquished.

Notes
Turn   | Place    | Note
-------+----------+-------------------------------------------
     0 | D:1      | keltmir the Gnoll Skald began the quest for the Orb.
     0 | D:1      | Reached XP level 1. HP: 20/20 MP: 6/6
    42 | D:1      | Reached XP level 2. HP: 21/26 MP: 0/7
   385 | D:1      | Reached XP level 3. HP: 28/31 MP: 9/9
   390 | D:1      | Learned a level 3 spell: Spectral Weapon
   454 | D:1      | Reached skill level 5 in Spellcasting
   829 | D:2      | Reached skill level 1 in Invocations
   846 | D:2      | Noticed Terence
   861 | D:2      | Killed Terence
   861 | D:2      | Reached skill level 1 in Short Blades
   861 | D:2      | Reached skill level 1 in Long Blades
   861 | D:2      | Reached skill level 1 in Axes
   861 | D:2      | Reached skill level 1 in Maces & Flails
   861 | D:2      | Reached skill level 1 in Staves
   861 | D:2      | Reached skill level 1 in Slings
   861 | D:2      | Reached skill level 1 in Bows
   861 | D:2      | Reached skill level 1 in Crossbows
   861 | D:2      | Reached skill level 1 in Throwing
   861 | D:2      | Reached skill level 1 in Stealth
   861 | D:2      | Reached skill level 1 in Shields
   861 | D:2      | Reached skill level 1 in Unarmed Combat
   861 | D:2      | Reached skill level 1 in Evocations
   861 | D:2      | Reached XP level 4. HP: 20/38 MP: 3/11
  1556 | D:3      | Reached skill level 1 in Conjurations
  1556 | D:3      | Reached skill level 1 in Hexes
  1556 | D:3      | Reached skill level 1 in Summonings
  1556 | D:3      | Reached skill level 1 in Necromancy
  1556 | D:3      | Reached skill level 1 in Translocations
  1556 | D:3      | Reached skill level 1 in Transmutations
  1556 | D:3      | Reached skill level 1 in Fire Magic
  1556 | D:3      | Reached skill level 1 in Ice Magic
  1556 | D:3      | Reached skill level 1 in Air Magic
  1556 | D:3      | Reached skill level 1 in Earth Magic
  1556 | D:3      | Reached skill level 1 in Poison Magic
  1581 | D:3      | Slain by an orc wizard

Levels and vault maps discovered:
D:1:      dpeg_arrival_rhombus, layout_rooms
D:2:      layout_basic, chequers_garden, minmay_goblin_outpost, uniq_terence
D:3:      layout_basic, uniq_natasha, uniq_sigmund

Skill      XL: |  1  2  3  4 |
---------------+-------------+-----
Spellcasting   | 5 |  5.1
Invocations    | 1 |  1.3
Short Blades   | 1 |  1.2
Long Blades    | 1 |  1.2
Axes           | 1 |  1.2
Maces & Flails | 1 |  1.2
Staves         | 1 |  1.2
Slings         | 1 |  1.2
Bows           | 1 |  1.2
Crossbows      | 1 |  1.2
Throwing       | 1 |  1.2
Stealth        | 1 |  1.2
Shields        | 1 |  1.2
Unarmed Combat | 1 |  1.2
Evocations     | 1 |  1.2
Conjurations   | 1 |  1.0
Hexes          | 1 |  1.0
Summonings     | 1 |  1.0
Necromancy     | 1 |  1.0
Translocations | 1 |  1.0
Transmutations | 1 |  1.0
Fire Magic     | 1 |  1.0
Ice Magic      | 1 |  1.0
Air Magic      | 1 |  1.0
Earth Magic    | 1 |  1.0
Poison Magic   | 1 |  1.0
Fighting       | |  4.6
Polearms       | |  4.6
Armour         | |  2.8
Dodging        | |  4.6
Charms         | |  5.5

Action                   |  1- 3 |  4- 6 || total
-------------------------+-------+-------++-------
Melee: Spear             |   141 |    47 ||   188
       Bite              |    11 |     8 ||    19
 Cast: Infusion          |     3 |       ||     3
       Spectral Weapon   |     4 |     3 ||     7
 Stab: Sleeping          |       |     1 ||     1
  Eat: Chunk             |       |     2 ||     2
Armor: Leather armour    |    26 |     8 ||    34
Dodge: Dodged            |    99 |    19 ||   118

Table legend:
 A = Non-vault XP
 B = Vault XP
 C = Vault XP percentage of total XP
 D = Non-vault monster count
 E = Vault monster count
 F = Vault count percentage of total count
                 A         B        C        D         E       F
            +---------+---------+-------+---------+---------+-------
      Total |      92 |      52 |  36.1 |      47 |       8 |  14.5
            +---------+---------+-------+---------+---------+-------
        D:1 |      52 |       0 |   0.0 |      29 |       0 |   0.0
        D:2 |      28 |      52 |  65.0 |      13 |       8 |  38.1
        D:3 |      12 |       0 |   0.0 |       5 |       0 |   0.0
            +---------+---------+-------+---------+---------+-------
